 Dungeon Crawl Stone Soup version 0.29-a0-474-gdfe5cd140f (webtiles) character file.

Game seed: 2797730149450029905

4419 grumblor the Cleaver (level 10, -5/53 HPs)
             Began as a Vine Stalker Fighter on May 24, 2022.
             Was an Initiate of Ru.
             Slain by a death yak (18 damage)
             ... on level 8 of the Dungeon.
             The game lasted 00:15:47 (7721 turns).

grumblor the Cleaver (Vine Stalker Fighter)         Turns: 7721, Time: 00:15:47

Health: -5/53      AC: 18    Str: 24    XL:     10   Next: 36%
Magic:  0/11       EV:  8    Int:  8    God:    Ru [......]
Gold:   543        SH:  5    Dex: 13    Spells: 9/9 levels left

rFire   + . .      SeeInvis .   a - +2 war axe (vamp)
rCold   . . .      Faith    .   c - +0 buckler
rNeg    + . .      Spirit   +   s - +0 plate armour
rPois   .          Reflect  .   r - +2 helmet
rElec   .          Harm     .   (no cloak)
rCorr   .          Rampage  .   n - +1 pair of gloves
Will    +....                   (no boots)
Stlth   ..........              y - amulet of the acrobat
HPRegen 0.97/turn               l - ring of protection from fire
MPRegen 0.12/turn               q - ring of positive energy

@: no status effects
A: fangs 3, regeneration 1, magic shield, antimagic bite, no potion heal 2
a: Renounce Religion


You were on level 8 of the Dungeon.
You worshipped Ru.
Ru was noncommittal.
You visited 2 branches of the dungeon, and saw 9 of its levels.
You also visited: Sewer.

You collected 543 gold pieces.

Inventory:

Hand Weapons
 a - a +2 vampiric war axe (weapon)
 w - a +1 scimitar of flaming
Missiles
 h - a boomerang (quivered)
 m - 33 poisoned darts
 z - a curare-tipped dart
Armour
 c - a +0 buckler (worn)
 n - a +1 pair of gloves (worn)
 r - a +2 helmet (worn)
 s - a +0 plate armour (worn)
Jewellery
 l - a ring of protection from fire (left hand)
 q - a ring of positive energy (right hand)
 v - a ring of ice
 y - an amulet of the acrobat (around neck)
Wands
 A - a wand of polymorph (30)
Scrolls
 b - a scroll of enchant armour
 i - a scroll of magic mapping
 o - 3 scrolls of fear
 t - 2 scrolls of blinking
 B - 5 scrolls of teleportation
Potions
 d - 2 potions of curing
 e - 2 potions of haste
 f - 4 potions of ambrosia
 g - 2 potions of cancellation
 j - 2 potions of resistance
 p - a potion of might
 u - 4 potions of mutation {unknown}
 x - a potion of flight


   Skills:
 + Level 5.7 Fighting
 * Level 9.6 Axes
 + Level 6.0 Armour
 - Level 4.0 Dodging
 + Level 4.4 Shields


You had 9 spell levels left.
You didn't know any spells.
Your spell library contained the following spells:

 Spells                   Type           Power      Damage    Failure   Level
 Magic Dart               Conj           0%         1d3       100%        1
 Sting                    Tmut/Pois      0%         1d3       100%        1
 Poisonous Vapours        Pois/Air       0%         N/A       100%        2
 Searing Ray              Conj           0%         2d4       100%        2
 Fulminant Prism          Conj/Hex       0%         3d6       100%        4
 Olgreb's Toxic Radiance  Pois           0%         N/A       100%        4


Dungeon Overview and Level Annotations

Branches:
Dungeon (8/15)             Temple (1/1) D:4            Lair (0/6) D:8
  Sewer (visited)

Altars:
Ashenzari
Cheibriados
Dithmenos
Elyvilon
Fedhas
Gozag
Hepliaklqana
Kikubaaqudgha
Nemelex Xobeh
Okawaru
Ru
Sif Muna
Trog
Uskayaw
Vehumet
Wu Jian
Xom
Yredelemnul
Zin
The Shining One

Annotations:
D:5 2 transporters, turdburglar's ghost, novice DDFi


Innate Abilities, Weirdness & Mutations

You have razor-sharp teeth.
Your natural rate of healing is unusually fast.
When hurt, damage is shared between your health and your magic reserves.
Your bite disrupts and absorbs the magic of your enemies.
Potions cannot restore your health.


Message History

The river rat is lightly wounded.
The silver javelin pierces through the death yak!
The death yak is lightly wounded.
The silver javelin barely misses the quokka.
The death yak snorts and paws the ground.
The death yak gores you.
* * * LOW HITPOINT WARNING * * *
Unknown command.
Throw: 2 javelins (silver)
Press: ? - help, Q - select action, (/) - cycle Shift-Dir - straight line, f/p - death yak
Aim: a death yak (lightly wounded, 78% to hit)
You throw a silver javelin.
The silver javelin pierces through the death yak but does no damage.
The death yak is heavily wounded.
The silver javelin pierces through the centaur.
The centaur is severely wounded.
The silver javelin pierces through the river rat.
The river rat is moderately wounded.
The silver javelin pierces through the death yak but does no damage.
The death yak is lightly wounded.
The silver javelin misses the quokka.
The death yak gores you but does no damage.
Unknown command.
Throw: javelin (silver)
Press: ? - help, Q - select action, (/) - cycle Shift-Dir - straight line, f/p - death yak
Aim: a death yak (lightly wounded, 78% to hit)
You throw a silver javelin.
The silver javelin pierces through the death yak!
The death yak is heavily wounded.
The silver javelin pierces through the centaur!
You kill the centaur!
The silver javelin closely misses the river rat.
The silver javelin pierces through the death yak.
The death yak is moderately wounded.
The silver javelin barely misses the quokka.
The silver javelin pierces through the river rat.
The river rat is severely wounded.
The death yak gores you but does no damage.
The death yak gores you!!
You die...

#... ....# #... ## .
#.>Y##....# ##.#.####. ..
......... ###.....##[.
...#....... #. #...###....<
..rr...... ##.###.#.#.#.#...
##...r... .........#.#...(.
#.......# #..#.........#.
.....r(r########.....##.##....
#.#####r.rYrY@...###.#...#.###
########.#.#.....(....[#
#........###.#...#.###
#.######.....##.##!...
#..#........)#.
#......#.#.))..
#..#.#.#.#.#)##
##.#...###...## #.........##..


You could see 2 death yaks, a hell rat, 2 river rats and a quokka.

Vanquished Creatures
  Erica (D:8)
  A death yak (D:8)
  A hornet (D:7)
  Prince Ribbit (D:7)
  Grinder (D:3)
  An acid dragon (D:7)
  4 orc warriors
  2 water moccasins
  2 ice beasts (D:7)
  A sky beast (D:6)
  2 black bears
  An ogre (D:6)
  A centaur (D:8)
  A phantom (D:5)
  2 kobold brigands
  3 bullfrogs
  4 scorpions
  The ghost of thiscave3701365 the Chopper, a weakling MiBe of Trog (D:6)
  2 killer bees
  A hound (D:5)
  A jelly (D:8)
  Ijyb (D:2)
  Jessica (D:3)
  A hell rat (D:8)
  5 iguanas
  3 orc wizards
  3 gnolls (D:5)
  7 adders
  A shadow imp (D:8)
  2 white imps (D:6)
  An ufetubus (D:7)
  2 worms (D:3)
  5 dart slugs
  23 orcs
  10 ball pythons
  9 bats
  7 endoplasms
  5 giant cockroaches
  11 goblins
  13 hobgoblins
  3 jackals (D:1)
  5 quokkas
  7 frilled lizards
  53 kobolds
  6 rats
218 creatures vanquished.

Vanquished Creatures (others)
  2 fungi (Sewer)
  15 plants
17 creatures vanquished.

Grand Total: 235 creatures vanquished

Notes
Turn   | Place    | Note
-------+----------+-------------------------------------------
     0 | D:1      | grumblor the Vine Stalker Fighter began the quest for the
                  | Orb.
     0 | D:1      | Reached XP level 1. HP: 11/11 MP: 2/2
    51 | D:1      | Reached XP level 2. HP: 6/16 MP: 1/3
   484 | D:1      | Reached skill level 2 in Axes
   656 | D:1      | Reached XP level 3. HP: 19/19 MP: 4/4
   788 | D:1      | Found a faded altar of an unknown god.
  1273 | D:2      | Reached skill level 1 in Dodging
  1273 | D:2      | Gained mutation: Your natural rate of healing is unusually
                  | fast. [Vine Stalker growth]
  1273 | D:2      | Reached XP level 4. HP: 17/24 MP: 5/5
  1373 | D:2      | Reached skill level 3 in Axes
  1488 | D:2      | Reached XP level 5. HP: 28/28 MP: 6/6
  1563 | D:2      | Found a shimmering altar of Xom.
  1734 | D:3      | Noticed Jessica
  1739 | D:3      | Killed Jessica
  1763 | D:3      | Noticed Ijyb
  1763 | D:3      | Noticed Grinder
  1785 | D:3      | Paralysed by Grinder for 3 turns
  1825 | D:2      | Killed Ijyb
  1853 | D:3      | Killed Grinder
  1854 | D:3      | Reached skill level 4 in Axes
  1854 | D:3      | Reached XP level 6. HP: 9/32 MP: 5/7
  2070 | D:3      | Found a glowing drain.
  2089 | Sewer    | Entered a sewer
  2401 | D:3      | Reached XP level 7. HP: 31/37 MP: 5/8
  3374 | D:4      | Found a staircase to the Ecumenical Temple.
  3512 | Temple   | Entered the Ecumenical Temple
  3698 | Temple   | Became a worshipper of Ru the Awakened
  3848 | D:4      | Found a glowing golden altar of the Shining One.
  3851 | D:4      | Found a shadowy altar of Dithmenos.
  3853 | D:4      | Found an iron altar of Okawaru.
  3853 | D:4      | Found a radiant altar of Vehumet.
  3853 | D:4      | Found a bloodstained altar of Trog.
  3854 | D:4      | Found a basalt altar of Yredelemnul.
  3855 | D:4      | Found an ancient bone altar of Kikubaaqudgha.
  3856 | D:4      | Found an ornate altar of the Wu Jian Council.
  3857 | D:4      | Found a white marble altar of Elyvilon.
  3861 | D:4      | Found a sparkling altar of Nemelex Xobeh.
  3950 | D:5      | Entered Level 5 of the Dungeon
  3954 | D:5      | Reached skill level 5 in Axes
  4142 | D:5      | Gained mutation: You have razor-sharp teeth. [Vine Stalker
                  | growth]
  4142 | D:5      | Reached XP level 8. HP: 41/42 MP: 9/9
  4183 | D:5      | Noticed turdburglar's ghost (novice DDFi)
  4184 | D:5      | Found a transporter.
  4190 | D:5      | Found a transporter.
  4341 | D:5      | Identified the +9 dagger of Midsummer {freeze, rElec rC+
                  | Dex+3 Stlth+}
  4649 | D:6      | Reached skill level 6 in Axes
  5390 | D:6      | Reached XP level 9. HP: 42/46 MP: 7/10
  5611 | D:6      | Found a runed translucent door.
  5615 | D:6      | Noticed thiscave3701365's ghost (weakling MiBe)
  5926 | D:6      | Reached skill level 7 in Axes
  5934 | D:6      | Killed thiscave3701365's ghost
  6114 | D:7      | Noticed Prince Ribbit
  6127 | D:7      | Killed Prince Ribbit
  6274 | D:7      | Reached skill level 5 in Fighting
  6431 | D:7      | Reached skill level 5 in Armour
  6586 | D:8      | Noticed a hornet
  6594 | D:7      | Paralysed by a hornet for 3 turns
  6597 | D:7      | Killed a hornet
  6640 | D:7      | Reached skill level 8 in Axes
  6681 | D:8      | Noticed Erica
  7588 | D:8      | Killed Erica
  7589 | D:8      | Reached skill level 9 in Axes
  7589 | D:8      | Reached XP level 10. HP: 41/53 MP: 7/11
  7694 | D:8      | Found a staircase to the Lair.
  7694 | D:8      | Noticed a death yak
  7696 | D:8      | Noticed a death yak
  7709 | D:8      | Noticed a death yak
  7717 | D:8      | Killed a death yak
  7721 | D:8      | Slain by a death yak

Illustrated notes

Levels and vault maps discovered:
D:1:      denvon_arrival_waterhouse, layout_basic,
          ebering_ecumenical_altar_sacrificial, minmay_stone_trees_medium,
          minmay_cupped
D:2:      layout_rooms, basic_altar
D:3:      corexii_shack_village, layout_basic, cheibrodos_sewer_entry_bend,
          uniq_grinder, uniq_jessica, uniq_ijyb
D:4:      layout_loops_corners, minitemple, minmay_temple_entry_poolview
D:5:      layout_rooms, gammafunk_ghost_smash, dk_noncrumbling_3
D:6:      kennysheep_kobold_camp, layout_basic, ebering_ghost_inner_flame
D:7:      layout_basic, uniq_prince_ribbit1
D:8:      layout_loops_ring, dpeg_lair_monsters, serial_shops, shop_coins,
          minmay_fractal_squares_5, uniq_erica
Temple:   compressed_dpeg_triangle_lava_temple

Skill      XL: |  1  2  3  4  5  6  7  8  9 10 |
---------------+-------------------------------+-----
Axes           | 2 3 4 5 6 9 |  9.6
Fighting       | 3 4 5 |  5.7
Shields        | 3 4 |  4.4
Dodging        | 1 2 3 4 |  4.0
Armour         | 3 4 5 6 |  6.0

Action                   |  1- 3 |  4- 6 |  7- 9 | 10-12 || total
-------------------------+-------+-------+-------+-------++-------
Melee: War axe           |    77 |   135 |   327 |    24 ||   563
       Bite              |    15 |    29 |    97 |     3 ||   144
       Unarmed           |       |    17 |       |       ||    17
Throw: Dart              |       |       |    25 |       ||    25
       Javelin           |       |       |       |     3 ||     3
Invok: Reject Sacrifices |       |       |     1 |       ||     1
Evoke: Wand              |       |       |       |     3 ||     3
  Use: Scroll            |     3 |     5 |    14 |       ||    22
       Potion            |       |     1 |       |       ||     1
Armor: Scale mail        |    49 |    63 |       |       ||   112
       Chain mail        |       |       |   170 |       ||   170
       Plate armour      |       |       |    23 |    22 ||    45
Dodge: Dodged            |    39 |    95 |   142 |    15 ||   291
Block: Buckler           |    23 |    36 |    71 |     7 ||   137

Table legend: (Time is in decaauts)
 A = Elapsed time spent in this place.
 B = Non-inter-level travel time spent in this place.
 C = Inter-level travel time spent in this place.
 D = Time resting spent in this place.
 E = Time spent auto-exploring this place.
 F = Levels seen in this place.
 G = Mean time per level.
                   A        B        C        D        E       F      G
               +--------+--------+--------+--------+--------+-----+--------+
         Total |   7920 |   7404 |    516 |   1014 |   4613 |  10 |  792.0 |
       Dungeon |   7451 |   6954 |    497 |   1014 |   4312 |   8 |  931.4 |
        Temple |    204 |    186 |     18 |      0 |    168 |   1 |  204.0 |
         Sewer |    263 |    263 |      0 |      0 |    133 |   1 |  263.0 |
               +--------+--------+--------+--------+--------+-----+--------+

Top non-repeatable levels by time:
     D:6: 1623 daAuts
     D:7: 1454 daAuts
     D:1: 1286 daAuts
     D:4: 1022 daAuts
     D:3: 742 daAuts
     D:2: 554 daAuts
     D:5: 545 daAuts
   Sewer: 263 daAuts
     D:8: 222 daAuts
  Temple: 204 daAuts
